 Dungeon Crawl Stone Soup version 0.30.1-3-gfc49f6343a (webtiles) character file.

Game seed: 1160607521099132635

266 growler the Magician (level 6, -3/46 HPs)
             Began as a Djinni Fire Elementalist on Aug 9, 2023.
             Shot with an arrow by a centaur (10 damage)
             ... on level 4 of the Dungeon.
             The game lasted 00:11:45 (2725 turns).

growler the Magician (Djinni Fire Elementalist)     Turns: 2725, Time: 00:11:46

Health: -3/46      AC:  2    Str:  7    XL:     6   Next: 44%
Gold:   76         EV: 12    Int: 18    God:
                   SH:  0    Dex: 14

rFire   + + .        e - +1 dagger (elec)
rCold   . . .        (no shield)
rNeg    . . .        a - +0 robe
rPois   ∞            (no helmet)
rElec   .            (no cloak)
rCorr   .            (no gloves)
SInv    .            (boots unavailable)
Will    .....        (no amulet)
Stlth   ++           d - ring of protection from cold
HPRegen 0.27/turn    (no ring)
MPRegen 0.00/turn

%: infuse magic (-4 HP)
@: flying, very slightly contaminated
A: sickness immunity, fire resistance 2, cold vulnerability 1, float, innate
caster, HP casting, extra vitality 1
a: no special abilities


You were on level 4 of the Dungeon.
You visited 1 branch of the dungeon, and saw 4 of its levels.

You collected 76 gold pieces.

Inventory:

Hand Weapons
 e - a +1 dagger of electrocution (weapon)
Armour
 a - a +0 robe (worn)
 c - a +0 pair of gloves
Jewellery
 d - a ring of protection from cold (left hand)
Scrolls
 g - 4 scrolls of identify {unknown}
 h - a scroll of teleportation {unknown}
 j - a scroll of enchant weapon {unknown}
 k - a scroll of amnesia {unknown}
 l - a scroll of noise {unknown}
Potions
 b - a potion of curing {unknown}
 f - a potion of berserk rage {unknown}
 i - 3 potions of might {unknown}


   Skills:
 + Level 3.1 Fighting
 - Level 2.1 Dodging
 - Level 1.5 Stealth
 * Level 4.5 Spellcasting


You knew the following spells:

 Your Spells              Type           Power      Damage    Failure   Level
a - Foxfire               Conj/Fire      80%        2x1d8     2%          1
b - Scorch                Fire           40%        2d7       3%          2
c - Volatile Blastmotes   Fire/Tloc      40%        2d13      7%          3
d - Inner Flame           Hex/Fire       20%        N/A       7%          3
e - Flame Wave            Conj/Fire      20%        2d7       22%         4
f - Sting                 Tmut/Pois      80%        1d7       2%          1
g - Static Discharge      Conj/Air       40%        2-4/arc   3%          2
Your spell library was empty.

Dungeon Overview and Level Annotations

Branches:
Dungeon (4/15)
 Temple: D:4-7

Altars:


Innate Abilities, Weirdness & Mutations

You are immune to sickness and miasma.
You are immune to poison.
Your flesh is very heat resistant. (rF++)
You are vulnerable to cold. (rC-)
You float through the air rather than walking.
You learn spells naturally, not from books.
Your magical power is your life essence.
You have superior vitality. (+4 MHP)


Message History

The centaur hits you. The centaur closely misses you.
Casting: Foxfire (safe; 2% risk of failure)
Confirm with . or Enter, or press ? or * to list all spells.
A cloud of volatile blastmotes flares up around you!
The centaur closely misses you. The centaur kicks you. The centaur hits you.
The centaur misses you. The centaur barely misses you.
The centaur closely misses you. The centaur attacks as you move away!
The centaur hits you. The centaur closely misses you.
The cloud of blastmotes explodes!
The concussive blast engulfs the centaur!
The centaur is heavily wounded.
The concussive blast engulfs you. You resist.
The concussive blast engulfs the centaur!!
The centaur is almost dead.
The centaur is knocked back by the blast.
You are knocked back by the blast.
The centaur wields a +0 shortbow.
The centaur shoots an arrow.
The arrow hits you.
Casting: Volatile Blastmotes (dangerous; 8% risk of failure)
Confirm with . or Enter, or press ? or * to list all spells.
Flames lash the centaur.
You kill the centaur!
The centaur shoots an arrow.
The arrow hits you.
* * * LOW HITPOINT WARNING * * *
Your Fighting skill increases to level 3!
You have reached level 6!
Casting: Scorch (safe; 3% risk of failure)
Confirm with . or Enter, or press ? or * to list all spells.
Flames lash the centaur.
The centaur is heavily wounded.
The centaur's fire resistance burns away.
* * * LOW HITPOINT WARNING * * *
The centaur shoots an arrow.
The arrow barely misses you.
Casting: Scorch (safe; 3% risk of failure)
Confirm with . or Enter, or press ? or * to list all spells.
You miscast Foxfire.
You are very lightly contaminated with residual magic.
Nothing appears to happen.
* * * LOW HITPOINT WARNING * * *
The centaur shoots an arrow.
The arrow hits you!
You die...

##.......#.#.....#
####.###.##..##.#
####.######..##.#
#........##.....#
#.##.###.###+#### #
#.# #.##...## # ..#
#.#.....##
#...####......>.#.#
..........:@......#
.........##.##.....
#....##..##.c.# ...
.#. #..#..)#.# #
#....#:#...
#..#.#.. #.#
##.##... .# #..
#.## # ...


You could see a centaur (combustible).

Vanquished Creatures
  A centaur (D:4)
  5 adders
  4 gnolls (D:3)
  3 worms (D:2)
  3 dart slugs
  6 orcs
  4 bats
  6 endoplasms
  6 giant cockroaches
  5 goblins (D:1)
  9 hobgoblins
  4 quokkas
  5 ball pythons
  6 frilled lizards
  7 kobolds
  4 rats
78 creatures vanquished.

Vanquished Creatures (others)
  94 foxfires
94 creatures vanquished.

Grand Total: 172 creatures vanquished

Notes
Turn   | Place    | Note
-------+----------+-------------------------------------------
     0 | D:1      | growler the Djinni Fire Elementalist began the quest for
                  | the Orb.
     0 | D:1      | growler set off with the following spells memorised:
                  | Foxfire, Scorch, Volatile Blastmotes, Inner Flame, Flame
                  | Wave.
     0 | D:1      | Reached XP level 1. HP: 15/15 MP: 0/0
    94 | D:1      | Reached XP level 2. HP: 20/22 MP: 0/0
   162 | D:1      | Reached skill level 1 in Fighting
   266 | D:1      | Reached XP level 3. HP: 26/27 MP: 0/0
   266 | D:1      | Learned a level 1 spell: Sting
   271 | D:1      | Reached skill level 3 in Spellcasting
   928 | D:2      | Found a faded altar of an unknown god.
  1013 | D:2      | Reached XP level 4. HP: 26/32 MP: 0/0
  1559 | D:2      | Reached XP level 5. HP: 33/38 MP: 0/0
  1559 | D:2      | Learned a level 2 spell: Static Discharge
  2376 | D:3      | Reached skill level 4 in Spellcasting
  2718 | D:4      | Noticed a centaur
  2718 | D:4      | Noticed a centaur
  2723 | D:4      | Killed a centaur
  2724 | D:4      | Reached XP level 6. HP: 9/46 MP: 0/0
  2725 | D:4      | Shot with an arrow by a centaur

Illustrated notes

Levels and vault maps discovered:
D:1:      lemuel_arrival_behind_the_door_large, layout_loops_cross
D:2:      layout_basic, dreamdust_ecumenical_altar_grove, wad_orctagon
D:3:      layout_rooms, kennysheep_minor_cross, patterned_corridor
D:4:      cheibrodos_old_hovel, layout_loops_corners, minmay_manual_mares,
          uniq_blork_the_orc, uniq_robin

Skill      XL: |  1  2  3  4  5 |
---------------+----------------+-----
Fighting       | 1 2 3 |  3.1
Spellcasting   | 3 4 |  4.5
Dodging        | |  2.1
Stealth        | |  1.5

Action                     |  1- 3 |  4- 6 || total
---------------------------+-------+-------++-------
  Melee: Dagger            |     2 |    20 ||    22
   Cast: Foxfire           |    39 |    33 ||    72
         Scorch            |    13 |    23 ||    36
         Volatile Blastmot |     2 |     5 ||     7
 Armour: Robe              |     1 |    13 ||    14
  Dodge: Dodged            |    13 |    34 ||    47
